Map: Avalon Labs

Players

Phalse

  • Race: Zerg Zerg

Grumm

  • Race: Zerg Zerg
  • League: Gold

ACE

  • Race: Terran Terran

Misar

  • Race: Zerg Zerg
  • League: Silver

puffdaddy

  • Race: Terran Terran
  • League: Silver

storm

  • Race: Protoss Protoss
  • League: Gold

VOD

Have the link to the VOD?

Description

Time

  • Played on: Feb. 17, 2016, 3:07 a.m.
  • Length: 9:49
Show
View Real Time Build Order
Export as new Build Order

Phalse Zerg 

Build Orders: Hatch First 

Get SALT Encoding   

  12  0:03  Drone  
  13  0:09  Drone  
  14  0:18  Overlord  
  14  0:23  Extractor  
  14  0:24  Drone  
  14  0:37  Drone  
  14  0:38  Drone  
  16  1:03  Hatchery  
  15  1:13  Spawning Pool  
  15  1:15  Drone  
  15  1:20  Drone  
  15  1:22  Drone  
  17  1:30  Drone  
  19  1:40  Drone  
  19  1:50  Drone  
  20  2:02  Drone, Hatchery  
  20  2:12  Metabolic Boost  
  20  2:17  Zergling x2  
  20  2:18  Drone  
  22  2:25  Queen  
  22  2:28  Zergling x2  
  25  2:34  Overlord  
  25  2:38  Zergling x2  
  25  2:41  Zergling x2  
  27  2:44  Zergling x2  
  27  2:51  Overlord  
  28  2:53  Drone  
  29  3:01  Queen  
  31  3:06  Zergling x2  
  31  3:07  Drone  
  31  3:11  Zergling x2  
  34  3:15  Drone  
  34  3:18  Zergling x2  
  36  3:21  Zergling x2  
  37  3:31  Zergling x2  
  37  3:32  Zergling x2  
  37  3:33  Drone  
  40  3:37  Zergling x2  
  40  3:38  Zergling x2  
  40  3:41  Lair  
  42  3:43  Drone  
  42  3:45  Zergling x2  
  42  3:47  Zergling x2  
  45  3:51  Zergling x2  
  45  3:53  Zergling x2  
  47  3:56  Drone  
  47  4:00  Overlord  
  48  4:06  Extractor  
  48  4:07  Overlord  
  47  4:15  Zergling x2  
  48  4:17  Drone  
  48  4:18  Drone  
  48  4:19  Drone  
  48  4:20  Drone  
  48  4:21  Drone  
  48  4:22  Drone  
  54  4:31  Extractor  
  54  4:32  Drone x2, Zergling x4  
  56  4:46  Drone x6  
  56  4:50  Extractor  
  61  4:55  Extractor  
  61  4:56  Drone x3  
  63  5:06  Drone  
  65  5:07  Drone x2  
  65  5:13  Overlord  
  65  5:14  Overlord x2  
  66  5:22  Hydralisk Den  
  66  5:25  Spire  
  64  5:37  Zergling x2  
  64  5:38  Zergling x12  
  64  5:39  Zergling x4  
  67  5:47  Zergling x2  
  67  5:48  Zergling x2  
  56  5:55  Hydralisk  
  56  5:56  Hydralisk x4  
  66  6:07  Drone x3  
  69  6:25  Hydralisk x4  
  63  6:26  Hydralisk x2  
  63  6:29  Drone x3  
  74  6:34  Drone x3  
  74  6:35  Drone  
  77  6:49  Queen  
  77  6:51  Extractor  
  78  6:54  Overlord x2  
  78  6:55  Hydralisk, Mutalisk  
  78  6:56  Mutalisk  
  78  6:58  Hydralisk  
  86  7:10  Evolution Chamber  
  86  7:14  Overlord x2  
  85  7:16  Drone  
  85  7:17  Mutalisk  
  85  7:18  Hydralisk, Corruptor  
  92  7:24  Queen  
  92  7:28  Drone x3, Overlord  
  92  7:29  Drone  
  98  7:33  Drone  
  98  7:36  Zerg Missile Weapons Level 1  
  99  7:40  Muscular Augments  
  99  7:42  Evolution Chamber, Hydralisk  
  99  7:44  Zergling x2  
  101  7:55  Drone  
  101  7:56  Drone  
  104  7:58  Drone  
  104  8:04  Hydralisk  
  106  8:06  Hydralisk  
  108  8:18  Hatchery  
  107  8:22  Drone x6  
  107  8:23  Drone x2  
  107  8:24  Hydralisk  
  107  8:25  Hydralisk, Overlord  
  119  8:28  Overlord  
  119  8:40  Hydralisk  
  121  8:43  Overlord x2, Hydralisk  
  123  8:51  Corruptor  
  123  8:52  Corruptor  
  127  8:56  Corruptor  
  129  9:19  Hydralisk x2  
  129  9:20  Mutalisk  
  129  9:21  Mutalisk x2  
  129  9:22  Hydralisk  
Show
View Real Time Build Order
Export as new Build Order

Grumm Zerg 

Build Orders: 3 Hatch before Pool 

Get SALT Encoding   

  12  0:32  Hatchery  
  12  0:33  Drone  
  12  1:06  Hatchery  
  11  1:22  Spawning Pool  
  10  1:27  Drone  
  10  1:29  Drone  
  12  1:34  Drone  
  13  1:40  Drone  
  13  1:46  Drone  
  15  1:49  Drone  
  16  1:58  Drone  
  16  2:00  Drone  
  18  2:06  Overlord  
  18  2:16  Zergling x2  
  18  2:18  Drone  
  18  2:20  Drone  
  21  2:30  Drone x2  
  21  2:31  Drone  
  21  2:35  Extractor  
  23  2:46  Drone x4  
  23  2:48  Queen  
  29  2:52  Overlord  
  29  3:02  Overlord  
  29  3:06  Queen  
  29  3:11  Queen  
  33  3:14  Drone  
  33  3:15  Drone  
  35  3:23  Extractor  
  35  3:26  Extractor  
  33  3:30  Drone  
  33  3:31  Drone x4, Extractor  
  37  3:42  Drone  
  37  3:43  Drone x3  
  41  3:56  Drone x5  
  46  4:06  Lair  
  46  4:12  Evolution Chamber  
  46  4:14  Evolution Chamber  
  44  4:17  Evolution Chamber  
  44  4:22  Spore Crawler  
  44  4:23  Drone x5  
  44  4:24  Drone  
  48  4:39  Drone x2  
  48  4:41  Overlord x3  
  50  4:52  Roach Warren  
  49  4:54  Drone  
  50  5:12  Overlord  
  50  5:22  Zergling x2  
  50  5:24  Queen  
  51  5:30  Spine Crawler  
  51  5:34  Roach x7  
  51  5:35  Roach x5  
  73  5:37  Roach  
  75  5:47  Spore Crawler  
  74  5:52  Spore Crawler  
  67  6:25  Spire  
  57  6:48  Overlord x3  
  57  6:54  Zerg Missile Weapons Level 1  
  57  6:56  Zerg Ground Armor Level 1  
  55  7:01  Hydralisk Den  
  54  7:10  Spore Crawler x2  
  54  7:11  Spore Crawler x3  
  54  7:14  Hatchery  
  54  7:15  Drone  
  39  8:05  Overlord  
  39  8:07  Corruptor x8  
  55  8:13  Muscular Augments  
  55  8:20  Drone x3  
  58  8:33  Drone x4  
  62  8:36  Drone  
  63  8:44  Overseer  
  57  9:05  Hydralisk  
  57  9:06  Hydralisk x3  
  65  9:10  Drone x2  
Show
View Real Time Build Order
Export as new Build Order

ACE Terran 

Build Orders:  

Get SALT Encoding   

  12  0:01  SCV  
  13  0:13  SCV  
  14  0:19  Supply Depot  
  14  0:25  SCV  
  15  0:36  Refinery  
  15  0:40  SCV  
  16  0:44  Barracks  
  16  0:53  SCV  
  17  1:05  SCV  
  18  1:14  Supply Depot  
  18  1:17  SCV  
  19  1:30  Orbital Command  
  19  1:32  Marine  
  20  1:38  Barracks  
  20  2:04  Command Center  
  20  2:18  Barracks Tech Lab  
  20  2:22  SCV  
  21  2:28  Barracks  
  21  2:31  Barracks Reactor  
  21  2:34  SCV  
  22  2:46  SCV  
  22  2:49  Stimpack  
  22  2:50  Marine  
  24  2:57  Refinery  
  24  2:58  SCV  
  24  3:00  Factory  
  25  3:10  Supply Depot, SCV  
  26  3:16  Barracks Tech Lab  
  26  3:18  Marine  
  26  3:19  Marauder  
  29  3:22  SCV  
  29  3:26  Supply Depot  
  30  3:37  SCV x2  
  30  3:41  Marine x2  
  34  3:49  Supply Depot  
  34  3:51  Factory  
  34  3:52  Factory Reactor  
  35  3:57  SCV  
  36  4:04  Orbital Command  
  36  4:05  Marine  
  36  4:07  Marine  
  37  4:18  SCV  
  38  4:30  SCV  
  38  4:31  Marine x2  
  40  4:32  Marauder, SCV  
  44  4:42  SCV  
  44  4:44  SCV  
  46  4:48  Starport  
  46  4:53  Starport  
  46  4:54  SCV  
  46  4:56  SCV  
  47  5:03  Refinery  
  47  5:04  Refinery  
  47  5:06  SCV  
  48  5:08  SCV  
  48  5:14  Command Center  
  49  5:18  SCV  
  49  5:20  SCV  
  51  5:22  Marine x2  
  51  5:23  Marauder x2  
  51  5:26  Widow Mine  
  51  5:27  Widow Mine  
  61  5:30  SCV  
  61  5:32  SCV  
  63  5:40  Marine  
  63  5:41  Engineering Bay  
  64  5:43  SCV  
  64  5:44  Engineering Bay, SCV  
  65  5:50  Marine x3  
  65  5:55  SCV  
  65  5:56  SCV  
  70  6:03  Medivac x2  
  74  6:07  SCV  
  74  6:09  SCV  
  74  6:11  Widow Mine x2  
  80  6:19  SCV  
  80  6:21  SCV  
  82  6:30  Marine x4  
  86  6:33  Medivac x2  
  90  6:48  Marine x2  
  92  7:11  Marine x2  
  92  7:12  Marauder x2  
  92  7:13  SCV x2  
  92  7:15  Orbital Command  
  100  7:16  Terran Infantry Armor Level 1, Terran Infantry Weapons Level 1  
  100  7:24  Armory  
  100  7:29  Marine  
  101  7:31  Supply Depot  
  101  7:33  Supply Depot  
  101  7:41  Orbital Command  
  101  7:53  Medivac x2, Marauder, SCV x2  
  101  7:54  Supply Depot, Marine x2, Marauder  
  101  7:56  Supply Depot  
  113  8:05  SCV x2  
  115  8:12  Marine x2  
  117  8:15  Barracks x2  
  117  8:16  Marauder x2, Barracks  
  117  8:17  Barracks  
  117  8:18  SCV x2  
  117  8:19  SCV  
  124  8:23  Medivac x2  
  124  8:25  Supply Depot  
  128  8:40  Marauder, Marine x2  
  132  8:44  Command Center  
  132  8:47  Marauder  
  134  8:53  Medivac x2  
  138  9:13  Marauder, Marine x4  
  138  9:14  Marauder, Marine x2  
  103  9:31  Marine  
Show
View Real Time Build Order
Export as new Build Order

Misar Zerg 

Build Orders: Hatch First 

Get SALT Encoding   

  12  0:02  Drone  
  13  0:09  Drone  
  14  0:42  Overlord  
  14  0:43  Hatchery  
  14  0:47  Drone  
  14  0:50  Extractor  
  14  0:51  Drone  
  14  1:10  Spawning Pool  
  13  1:14  Drone  
  14  1:18  Drone  
  15  1:28  Drone  
  15  1:29  Drone  
  17  1:40  Drone  
  17  1:44  Extractor  
  17  1:58  Lair  
  17  2:01  Queen  
  17  2:07  Zergling x2  
  20  2:09  Zergling x2  
  21  2:19  Zergling x2  
  21  2:20  Zergling x2  
  23  2:27  Zergling x2  
  23  2:28  Metabolic Boost  
  24  2:38  Drone  
  24  2:39  Drone  
  26  2:47  Overlord  
  26  2:52  Zergling x2  
  27  2:59  Drone  
  28  3:06  Overlord  
  28  3:09  Drone  
  29  3:18  Infestation Pit  
  28  3:21  Drone  
  29  3:28  Drone  
  29  3:30  Drone  
  31  3:42  Zergling x6  
  34  3:50  Queen  
  36  4:06  Drone x2  
  36  4:07  Drone x2  
  40  4:10  Extractor  
  40  4:13  Extractor  
  38  4:19  Hive  
  30  5:55  Ultralisk Cavern  
  28  6:34  Overlord  
  28  6:35  Overlord x2  
  28  6:38  Drone x6  
  34  6:43  Ultralisk  
  40  6:53  Ultralisk x3  
  58  7:00  Chitinous Plating  
  58  7:12  Drone x3  
  58  7:13  Drone  
  62  7:18  Overlord  
  62  7:21  Overlord  
  68  7:37  Ultralisk  
  68  7:56  Ultralisk  
  74  8:00  Drone x3  
  74  8:01  Drone x2  
  74  8:04  Drone x2  
  81  8:06  Drone  
  81  8:11  Overlord  
  82  8:20  Overlord  
  82  8:26  Evolution Chamber x2  
  80  8:40  Overseer, Pneumatized Carapace  
  80  9:17  Hatchery  
Show
View Real Time Build Order
Export as new Build Order

puffdaddy Terran 

Build Orders:  

Get SALT Encoding   

  12  0:01  SCV  
  13  0:13  SCV  
  14  0:22  Supply Depot  
  14  0:25  SCV  
  15  0:30  Refinery  
  15  0:46  SCV, Barracks  
  16  0:58  SCV  
  16  1:03  Refinery  
  17  1:10  SCV  
  18  1:23  SCV  
  19  1:28  Barracks  
  19  1:35  SCV  
  19  1:39  Barracks Reactor  
  20  1:42  Supply Depot  
  20  1:48  SCV  
  21  2:02  Orbital Command  
  21  2:12  Factory  
  20  2:22  Barracks Reactor  
  20  2:32  SCV  
  21  2:42  Factory  
  21  2:50  Marine x2  
  23  2:52  SCV  
  24  3:06  Command Center  
  24  3:10  Marine  
  25  3:13  Marine  
  25  3:15  Factory Tech Lab  
  26  3:20  SCV  
  26  3:24  Marine x2  
  29  3:29  Factory Reactor  
  29  3:32  SCV  
  29  3:34  Marine  
  31  3:46  Supply Depot  
  31  3:51  Supply Depot  
  31  4:03  Armory  
  31  4:08  Siege Tank  
  35  4:16  Hellion x2  
  38  4:18  Infernal Pre-Igniter  
  38  4:27  SCV  
  38  4:29  SCV  
  38  4:30  Marine x2  
  42  4:40  Supply Depot  
  42  4:41  Marine x2  
  44  4:53  Marine x2  
  44  4:55  Siege Tank  
  49  5:12  Marine x2  
  49  5:13  Marine x2  
  53  5:18  Hellion x2  
  57  5:22  Refinery  
  57  5:31  Marine  
  58  5:35  Marine x2  
  54  5:48  Marine  
  54  5:49  Marine  
  54  5:52  Hellion x2  
  54  5:56  Marine x2  
  60  6:04  Siege Tank  
  58  6:22  Marine x2  
  58  6:23  Marine x2  
  48  6:32  Hellion x2  
  40  6:36  Siege Tank  
  42  6:44  Marine x2  
  42  6:45  Marine x2  
  46  6:47  SCV  
  46  6:52  Orbital Command  
  47  7:03  Hellion x2  
  47  7:04  SCV  
  52  7:14  Siege Tank  
  55  7:16  SCV  
  55  7:17  SCV  
  57  7:28  Marine x2, SCV  
  57  7:29  SCV  
  61  7:31  Hellion x2  
  65  7:37  Marine  
  65  7:39  Supply Depot  
  65  7:40  SCV  
  67  7:46  Marine  
  68  7:57  Supply Depot, Marine  
  68  7:58  Marine  
  70  8:00  Siege Tank  
  70  8:02  Hellion x2  
  77  8:14  Marine  
  77  8:18  Marine  
  79  8:22  Supply Depot  
  79  8:24  Hellion x2  
  83  8:28  SCV  
  83  8:33  Refinery  
  83  8:34  Marine  
  84  8:35  Marine  
  86  8:44  Marine x2, SCV  
  86  8:46  Supply Depot  
  92  8:48  Siege Tank  
  92  8:58  Marine x2  
  94  9:08  Marine x2  
  96  9:28  Marine x2  
  96  9:29  Marine x2  
Show
View Real Time Build Order
Export as new Build Order

storm Protoss 

Build Orders:  

Get SALT Encoding   

  12  0:02  Probe (Chrono Boost)  
  13  0:13  Probe (Chrono Boost)  
  14  0:18  Pylon  
  14  0:23  Probe (Chrono Boost)  
  15  0:36  Probe (Chrono Boost)  
  16  0:46  Probe (Chrono Boost)  
  17  0:54  Assimilator  
  17  1:03  Assimilator  
  17  1:09  Nexus  
  17  1:19  Gateway  
  17  1:28  Probe (Chrono Boost)  
  18  1:39  Probe (Chrono Boost)  
  19  1:49  Probe (Chrono Boost)  
  20  2:00  Probe (Chrono Boost)  
  21  2:07  Cybernetics Core  
  21  2:11  Probe (Chrono Boost)  
  22  2:21  Probe (Chrono Boost)  
  23  2:23  Probe (Chrono Boost)  
  24  2:32  Probe (Chrono Boost)  
  24  2:34  Probe (Chrono Boost)  
  26  2:42  Probe (Chrono Boost)  
  27  2:44  Probe (Chrono Boost)  
  27  2:47  Stargate  
  27  2:50  Stargate  
  28  2:53  Probe (Chrono Boost)  
  28  2:55  Probe (Chrono Boost)  
  30  2:58  Assimilator  
  30  3:02  Assimilator  
  30  3:04  Pylon  
  30  3:06  Probe x2 (Chrono Boost)  
  32  3:16  Probe (Chrono Boost)  
  33  3:32  Void Ray (Chrono Boost)  
  33  3:33  Void Ray (Chrono Boost)  
  41  3:38  Probe x2  
  43  3:50  Probe x2  
  43  3:53  Pylon  
  45  3:59  Pylon  
  46  4:02  Probe  
  46  4:06  Protoss Air Weapons Level 1  
  46  4:11  Probe  
  46  4:13  Void Ray (Chrono Boost)  
  51  4:18  Void Ray (Chrono Boost)  
  51  4:21  Probe  
  51  4:23  Probe  
  57  4:28  Pylon  
  57  4:33  Probe  
  57  4:35  Probe  
  59  4:50  Void Ray (Chrono Boost)  
  63  4:56  Void Ray (Chrono Boost)  
  63  4:59  Probe  
  68  5:07  Pylon  
  68  5:10  Pylon  
  68  5:13  Pylon  
  68  5:14  Stargate  
  68  5:28  Void Ray (Chrono Boost)  
  72  5:33  Void Ray (Chrono Boost)  
  76  6:05  Void Ray (Chrono Boost)  
  76  6:10  Void Ray (Chrono Boost)  
  84  6:22  Nexus  
  84  6:25  Assimilator  
  84  6:30  Assimilator  
  88  6:42  Void Ray (Chrono Boost)  
  88  6:46  Void Ray (Chrono Boost)  
  92  6:49  Pylon  
  92  6:51  Pylon  
  92  7:08  Void Ray (Chrono Boost)  
  104  7:23  Void Ray (Chrono Boost)  
  104  7:28  Void Ray (Chrono Boost)  
  103  7:36  Pylon  
  103  7:38  Pylon  
  103  7:40  Pylon  
  103  7:42  Pylon  
  103  7:44  Pylon  
  103  7:45  Void Ray (Chrono Boost)  
  107  8:00  Void Ray (Chrono Boost)  
  115  8:11  Void Ray (Chrono Boost)  
  115  8:22  Void Ray (Chrono Boost)  
  119  8:37  Void Ray (Chrono Boost)  
  127  8:49  Nexus  
  127  8:51  Assimilator  
  127  8:54  Void Ray (Chrono Boost)  
  127  8:56  Assimilator  
  127  8:59  Void Ray (Chrono Boost)  
Tags
 
Add a new tag
Caveats
  • Supply blocks, unpowered buildings, or Contaminate may cause inaccurate times.
  • Supply counts are checked every 10 seconds.